General information
- name: BNet
- type: Ladder team game (AT/RT)
- host: Battle.net
- saver: BaBoomBaBoom
map: MarketSquare
- players: 8
- length: 43:25
- speed: Fast
- version: 1.26 W3XP
- replay type: Public
» download(274 KB)
Players
team 1 (loser)
WalterWhite (
yellow | 68 APM | 1804 actions | 26:22)
6 Warden
3 Shadow Strike
2 Blink
1 Spirit of Vengeance
» actions
| Assign group hotkey | 242 | |
| Basic commands | 1 | |
| Build / train | 109 | |
| ESC pressed | 3 | |
| Enter build submenu | 23 | |
| Enter hero's abilities submenu | 6 | |
| Give item / drop item | 2 | |
| Remove unit from queue | 2 | |
| Right click | 727 | |
| Select / deselect | 192 | |
| Select group hotkey | 376 | |
| Use ability | 121 | |
1804 total
» units
| Wisp | 36 | |
| Archer | 11 | |
| Chimaera | 15 | |
| Hippogryph | 22 | |
84 total
» upgrades
| Improved Bows | 1 | |
| Corrosive Breath | 1 | |
| Strength of the Wild | 2 | |
4 total
» buildings
| Altar of Elders | 1 | |
| Moon Well | 13 | |
| Ancient of War | 1 | |
| Tree of Ages | 1 | |
| Hunter's Hall | 1 | |
| Ancient of Wonders | 1 | |
| Tree of Eternity | 1 | |
| Ancient of Wind | 2 | |
| Tree of Life | 7 | |
| Chimaera Roost | 8 | |
36 total
» build order
00:16 Altar of Elders
00:23 Moon Well
01:08 Ancient of War
02:02 Moon Well
02:07 Moon Well
02:07 Moon Well
02:08 Moon Well
02:10 Moon Well
02:11 Moon Well
02:14 Moon Well
03:36 Tree of Ages
05:30 Hunter's Hall
05:32 Ancient of Wonders
06:36 Tree of Eternity
06:38 Ancient of Wind
09:09 Tree of Life
09:12 Chimaera Roost
09:12 Chimaera Roost
09:16 Chimaera Roost
09:24 Chimaera Roost
10:25 Chimaera Roost
10:26 Chimaera Roost
10:27 Chimaera Roost
17:59 Ancient of Wind
19:58 Tree of Life
20:01 Tree of Life
20:03 Tree of Life
21:10 Moon Well
21:10 Moon Well
21:10 Moon Well
21:11 Moon Well
21:11 Moon Well
23:30 Tree of Life
23:42 Tree of Life
24:34 Tree of Life
» items
| Orb of Venom | 2 | |
| Scroll of Town Portal | 1 | |
| Staff of Preservation | 1 | |
| Potion of Healing | 1 | |
| Lesser Clarity Potion | 2 | |
| Moonstone | 1 | |
8 total
BaBoomBaBoom (
green | 56 APM | 2448 actions | 43:25)
10 Blademaster
3 Wind Walk
3 Critical Strike
1 Bladestorm
3 Mirror Image
» actions
| Assign group hotkey | 118 | |
| Basic commands | 83 | |
| Build / train | 71 | |
| Enter build submenu | 39 | |
| Enter hero's abilities submenu | 10 | |
| Give item / drop item | 7 | |
| Remove unit from queue | 1 | |
| Right click | 1247 | |
| Select / deselect | 395 | |
| Select group hotkey | 291 | |
| Use ability | 186 | |
2448 total
» units
| Peon | 16 | |
| Grunt | 4 | |
| Troll Batrider | 9 | |
| Raider | 6 | |
35 total
» upgrades
| Reinforced Defenses | 1 | |
| Troll Regeneration | 1 | |
| Armor | 3 | |
| Ranged Weapons | 3 | |
| Liquid Fire | 1 | |
| Melee Weapons | 3 | |
| Pillage | 1 | |
| Ensnare | 1 | |
14 total
» buildings
| Orc Burrow | 4 | |
| Altar of Storms | 1 | |
| Barracks | 1 | |
| Voodoo Lounge | 1 | |
| Stronghold | 1 | |
| War Mill | 1 | |
| Great Hall | 3 | |
| Fortress | 1 | |
| Watch Tower | 28 | |
| Beastiary | 4 | |
45 total
» build order
00:11 Orc Burrow
00:57 Orc Burrow
01:08 Altar of Storms
01:10 Barracks
02:04 Voodoo Lounge
02:52 Stronghold
03:59 War Mill
05:26 Great Hall
05:30 Orc Burrow
06:45 Fortress
06:49 Watch Tower
06:50 Watch Tower
06:50 Watch Tower
06:50 Watch Tower
10:48 Watch Tower
10:49 Watch Tower
10:50 Watch Tower
10:52 Watch Tower
10:53 Watch Tower
10:54 Watch Tower
10:54 Watch Tower
10:55 Watch Tower
10:55 Watch Tower
13:29 Beastiary
13:30 Beastiary
13:30 Beastiary
14:43 Beastiary
19:00 Watch Tower
19:01 Watch Tower
19:03 Watch Tower
22:06 Orc Burrow
31:28 Great Hall
31:29 Watch Tower
31:30 Watch Tower
31:30 Watch Tower
34:26 Great Hall
34:27 Watch Tower
34:28 Watch Tower
34:29 Watch Tower
37:09 Watch Tower
37:09 Watch Tower
37:09 Watch Tower
» items
| Healing Salve | 2 | |
| Boots of Speed | 1 | |
| Scroll of Town Portal | 1 | |
| Potion of Healing | 1 | |
| Potion of Mana | 1 | |
| Lesser Clarity Potion | 1 | |
| Orb of Lightning | 1 | |
8 total

»
Relaxation10 (
purple | 29 APM | 1239 actions | 43:25)
4 Keeper of the Grove
2 Entangling Roots
2 Thorns Aura
5 Demon Hunter
2 Mana Burn
2 Evasion
1 Immolation
» actions
| Basic commands | 1 | |
| Build / train | 59 | |
| Enter build submenu | 19 | |
| Enter hero's abilities submenu | 9 | |
| Remove unit from queue | 6 | |
| Right click | 790 | |
| Select / deselect | 316 | |
| Use ability | 39 | |
1239 total
» units
| Wisp | 8 | |
| Chimaera | 6 | |
| Hippogryph | 12 | |
| Faerie Dragon | 2 | |
28 total
» upgrades
| Corrosive Breath | 1 | |
| Strength of the Wild | 1 | |
| Reinforced Hides | 1 | |
3 total
» buildings
| Moon Well | 11 | |
| Altar of Elders | 1 | |
| Tree of Ages | 2 | |
| Hunter's Hall | 1 | |
| Tree of Eternity | 1 | |
| Ancient of Wind | 1 | |
| Chimaera Roost | 3 | |
| Ancient of Wonders | 1 | |
21 total
» build order
00:13 Moon Well
01:38 Altar of Elders
01:46 Tree of Ages
01:47 Tree of Ages
01:58 Moon Well
03:03 Hunter's Hall
03:42 Moon Well
04:13 Tree of Eternity
04:16 Ancient of Wind
04:59 Moon Well
05:12 Moon Well
05:40 Moon Well
06:39 Chimaera Roost
07:09 Chimaera Roost
07:38 Ancient of Wonders
08:16 Chimaera Roost
08:37 Moon Well
10:08 Moon Well
11:55 Moon Well
13:31 Moon Well
14:26 Moon Well
» items

»
train_dis_human (
blue | 63 APM | 2326 actions | 37:03)
4 Mountain King
2 Storm Bolt
2 Bash
4 Paladin
2 Holy Light
2 Divine Shield
» actions
| Basic commands | 24 | |
| Build / train | 105 | |
| Enter build submenu | 48 | |
| Enter hero's abilities submenu | 8 | |
| Give item / drop item | 1 | |
| Right click | 1540 | |
| Select / deselect | 520 | |
| Use ability | 80 | |
2326 total
» units
| Peasant | 31 | |
| Footman | 9 | |
| Rifleman | 1 | |
| Priest | 2 | |
| Knight | 7 | |
| Siege Engine | 5 | |
| Dragonhawk Rider | 1 | |
| Gryphon Rider | 1 | |
| Chimaera | 1 | |
| Hippogryph | 2 | |
| Wisp | 8 | |
68 total
» upgrades
| Swords | 3 | |
| Masonry | 1 | |
| Priest Training | 2 | |
| Plating | 1 | |
| Lumber Harvesting | 2 | |
| Barrage | 1 | |
| Magic Sentry | 1 | |
| Cloud | 1 | |
| Gunpowder | 1 | |
13 total
» buildings
| Farm | 14 | |
| Altar of Kings | 3 | |
| Barracks | 1 | |
| Scout Tower | 11 | |
| Lumber Mill | 2 | |
| Arcane Tower | 3 | |
| Arcane Vault | 1 | |
| Guard Tower | 8 | |
| Keep | 1 | |
| Blacksmith | 1 | |
| Town Hall | 4 | |
| Arcane Sanctum | 1 | |
| Castle | 1 | |
| Workshop | 1 | |
| Gryphon Aviary | 1 | |
| Tree of Life | 1 | |
| Altar of Elders | 1 | |
| Moon Well | 2 | |
57 total
» build order
00:16 Farm
00:22 Altar of Kings
00:51 Barracks
00:54 Farm
01:17 Scout Tower
01:35 Lumber Mill
01:56 Farm
02:08 Arcane Tower
02:38 Arcane Vault
03:10 Scout Tower
03:44 Farm
03:56 Guard Tower
04:10 Keep
04:41 Blacksmith
06:03 Town Hall
07:05 Arcane Sanctum
07:12 Farm
08:17 Scout Tower
08:26 Castle
08:54 Arcane Tower
08:56 Scout Tower
09:12 Workshop
09:27 Guard Tower
09:30 Scout Tower
09:58 Guard Tower
10:01 Scout Tower
10:27 Farm
10:34 Farm
10:42 Guard Tower
10:47 Scout Tower
12:22 Gryphon Aviary
12:32 Arcane Tower
12:38 Scout Tower
13:08 Guard Tower
13:51 Scout Tower
14:19 Farm
14:25 Guard Tower
14:30 Farm
15:22 Farm
16:04 Scout Tower
16:30 Scout Tower
16:36 Guard Tower
16:53 Guard Tower
20:02 Altar of Kings
21:25 Altar of Kings
21:58 Town Hall
22:13 Town Hall
22:26 Farm
22:30 Lumber Mill
22:55 Farm
23:20 Farm
23:55 Farm
27:27 Town Hall
29:21 Tree of Life
36:13 Altar of Elders
36:17 Moon Well
36:23 Moon Well
» items
team 2 (winner)
ORBBALLGO (
pink | 54 APM | 2323 actions | 43:13)
8 Blood Mage
3 Banish
3 Flame Strike
1 Summon Phoenix
1 Siphon Mana
» actions
| Assign group hotkey | 58 | |
| Basic commands | 60 | |
| Build / train | 91 | |
| Enter build submenu | 22 | |
| Enter hero's abilities submenu | 8 | |
| Give item / drop item | 2 | |
| Remove unit from queue | 2 | |
| Right click | 871 | |
| Select / deselect | 279 | |
| Select group hotkey | 798 | |
| Use ability | 132 | |
2323 total
» units
| Peasant | 18 | |
| Footman | 4 | |
| Dragonhawk Rider | 4 | |
| Gryphon Rider | 4 | |
30 total
» upgrades
| Masonry | 3 | |
| Lumber Harvesting | 2 | |
| Swords | 2 | |
| Armor | 2 | |
| Cloud | 1 | |
| Storm Hammers | 1 | |
| Animal War Training | 1 | |
12 total
» buildings
| Altar of Kings | 1 | |
| Barracks | 1 | |
| Farm | 15 | |
| Scout Tower | 22 | |
| Arcane Tower | 1 | |
| Arcane Vault | 1 | |
| Lumber Mill | 1 | |
| Town Hall | 3 | |
| Keep | 4 | |
| Guard Tower | 9 | |
| Blacksmith | 1 | |
| Castle | 1 | |
| Gryphon Aviary | 3 | |
63 total
» build order
00:46 Altar of Kings
00:54 Barracks
01:09 Farm
01:25 Farm
02:07 Farm
02:15 Scout Tower
03:00 Arcane Tower
03:21 Arcane Vault
03:58 Lumber Mill
05:02 Town Hall
05:04 Scout Tower
05:04 Scout Tower
05:04 Scout Tower
05:06 Scout Tower
05:38 Keep
05:38 Keep
05:39 Keep
05:44 Guard Tower
06:07 Guard Tower
06:10 Scout Tower
06:36 Blacksmith
06:39 Guard Tower
07:27 Scout Tower
07:28 Scout Tower
07:30 Scout Tower
07:38 Farm
08:04 Guard Tower
08:04 Guard Tower
08:05 Castle
08:28 Guard Tower
08:49 Gryphon Aviary
08:50 Gryphon Aviary
08:51 Gryphon Aviary
12:37 Scout Tower
12:38 Scout Tower
12:38 Scout Tower
12:39 Scout Tower
12:39 Scout Tower
12:39 Scout Tower
14:19 Guard Tower
14:25 Scout Tower
14:25 Scout Tower
14:26 Scout Tower
14:27 Scout Tower
14:27 Scout Tower
14:28 Scout Tower
15:37 Guard Tower
16:25 Farm
16:25 Farm
16:26 Farm
16:27 Farm
16:28 Farm
16:28 Farm
16:30 Farm
16:30 Farm
16:31 Farm
16:31 Farm
24:05 Town Hall
26:46 Keep
30:09 Town Hall
» items
| Scroll of Regeneration | 3 | |
| Staff of Teleportation | 1 | |
| Potion of Lesser Invulnerability | 3 | |
| Potion of Mana | 3 | |
| Potion of Invisibility | 4 | |
| Lesser Clarity Potion | 2 | |
| Scroll of Town Portal | 3 | |
| Staff of Sanctuary | 1 | |
| Orb of Fire | 1 | |
| Potion of Healing | 1 | |
22 total
15searchattempt (
orange | 87 APM | 3775 actions | 43:23)
9 Archmage
3 Summon Water Elemental
3 Brilliance Aura
2 Blizzard
1 Mass Teleport
» actions
| Assign group hotkey | 101 | |
| Basic commands | 164 | |
| Build / train | 164 | |
| ESC pressed | 1 | |
| Enter build submenu | 47 | |
| Enter hero's abilities submenu | 11 | |
| Give item / drop item | 11 | |
| Remove unit from queue | 1 | |
| Right click | 1577 | |
| Select / deselect | 415 | |
| Select group hotkey | 1014 | |
| Use ability | 269 | |
3775 total
» units
| Peasant | 17 | |
| Footman | 5 | |
| Dragonhawk Rider | 12 | |
| Gryphon Rider | 6 | |
40 total
» upgrades
| Masonry | 3 | |
| Swords | 4 | |
| Armor | 3 | |
| Animal War Training | 1 | |
| Storm Hammers | 1 | |
| Cloud | 1 | |
| Freezing Breath | 1 | |
14 total
» buildings
| Altar of Kings | 1 | |
| Barracks | 1 | |
| Farm | 13 | |
| Arcane Vault | 1 | |
| Lumber Mill | 1 | |
| Town Hall | 3 | |
| Scout Tower | 29 | |
| Guard Tower | 29 | |
| Keep | 3 | |
| Blacksmith | 1 | |
| Castle | 3 | |
| Gryphon Aviary | 2 | |
87 total
» build order
00:55 Altar of Kings
00:57 Barracks
00:59 Farm
01:02 Farm
01:06 Farm
01:13 Farm
01:43 Farm
01:47 Farm
02:14 Arcane Vault
02:29 Lumber Mill
04:14 Town Hall
04:17 Scout Tower
04:18 Scout Tower
04:19 Scout Tower
04:53 Guard Tower
05:49 Keep
05:49 Keep
05:49 Keep
05:57 Scout Tower
05:58 Scout Tower
06:02 Scout Tower
06:03 Scout Tower
06:06 Scout Tower
06:11 Scout Tower
06:25 Blacksmith
06:51 Guard Tower
06:51 Guard Tower
06:55 Guard Tower
06:55 Guard Tower
08:27 Castle
08:28 Castle
08:32 Gryphon Aviary
08:32 Gryphon Aviary
10:44 Guard Tower
13:02 Farm
13:06 Farm
19:22 Farm
19:22 Farm
19:23 Farm
19:23 Farm
19:24 Farm
28:21 Town Hall
29:02 Town Hall
29:04 Scout Tower
29:06 Scout Tower
29:07 Scout Tower
29:08 Scout Tower
29:15 Scout Tower
29:16 Scout Tower
29:17 Scout Tower
29:19 Scout Tower
29:56 Guard Tower
29:56 Guard Tower
29:57 Guard Tower
29:58 Guard Tower
35:06 Scout Tower
35:06 Scout Tower
35:07 Scout Tower
35:09 Scout Tower
35:10 Scout Tower
35:12 Scout Tower
35:13 Scout Tower
35:14 Scout Tower
35:15 Scout Tower
35:17 Scout Tower
35:19 Scout Tower
35:20 Scout Tower
35:48 Guard Tower
35:49 Guard Tower
36:10 Guard Tower
36:10 Guard Tower
36:11 Guard Tower
36:19 Guard Tower
36:19 Guard Tower
36:19 Guard Tower
36:20 Guard Tower
37:42 Guard Tower
37:43 Guard Tower
37:43 Guard Tower
» items
| Scroll of Regeneration | 12 | |
| Mechanical Critter | 2 | |
| Periapt of Vitality | 2 | |
| Staff of Teleportation | 1 | |
| Potion of Invisibility | 2 | |
| Tome of Retraining | 1 | |
| Lesser Clarity Potion | 1 | |
| Ivory Tower | 1 | |
| Potion of Lesser Invulnerability | 3 | |
| Scroll of Town Portal | 3 | |
| Potion of Healing | 6 | |
| Staff of Sanctuary | 1 | |
35 total

»
TCruz (
red | 37 APM | 1238 actions | 33:34)
3 Death Knight
2 Death Coil
1 Unholy Aura
1 Lich
1 Frost Nova
» actions
| Assign group hotkey | 11 | |
| Basic commands | 40 | |
| Build / train | 67 | |
| ESC pressed | 5 | |
| Enter build submenu | 35 | |
| Enter hero's abilities submenu | 4 | |
| Give item / drop item | 1 | |
| Right click | 388 | |
| Select / deselect | 293 | |
| Select group hotkey | 318 | |
| Use ability | 76 | |
1238 total
» units
| Acolyte | 23 | |
| Ghoul | 8 | |
| Frost Wyrm | 2 | |
33 total
» upgrades
| Creature Attack | 3 | |
| Creature Carapace | 2 | |
5 total
» buildings
| Crypt | 1 | |
| Ziggurat | 16 | |
| Altar of Darkness | 2 | |
| Graveyard | 2 | |
| Halls of the Dead | 2 | |
| Necropolis | 1 | |
| Spirit Tower | 8 | |
| Black Citadel | 2 | |
| Sacrificial Pit | 1 | |
| Tomb of Relics | 1 | |
| Boneyard | 5 | |
41 total
» build order
00:08 Crypt
00:11 Ziggurat
00:54 Altar of Darkness
01:29 Ziggurat
02:13 Ziggurat
03:08 Graveyard
03:12 Graveyard
03:52 Halls of the Dead
03:53 Halls of the Dead
05:01 Ziggurat
06:24 Ziggurat
06:27 Ziggurat
06:28 Ziggurat
06:34 Ziggurat
06:36 Ziggurat
06:39 Necropolis
06:44 Ziggurat
06:47 Ziggurat
07:17 Ziggurat
07:19 Ziggurat
07:23 Ziggurat
07:26 Ziggurat
07:57 Spirit Tower
08:13 Spirit Tower
08:14 Spirit Tower
08:24 Ziggurat
08:51 Black Citadel
08:52 Spirit Tower
09:11 Sacrificial Pit
09:13 Tomb of Relics
09:44 Spirit Tower
09:50 Spirit Tower
09:50 Spirit Tower
09:50 Spirit Tower
11:15 Boneyard
11:19 Boneyard
11:21 Boneyard
11:23 Boneyard
11:26 Boneyard
26:15 Altar of Darkness
» items
| Orb of Corruption | 1 | |
| Scroll of Town Portal | 1 | |
| Potion of Healing | 1 | |
| Dust of Appearance | 2 | |
5 total
xxcry90 (
teal | 63 APM | 2735 actions | 43:25)
6 Goblin Tinker
3 Pocket Factory
2 Engineering Upgrade
1 Robo-Goblin
4 Paladin
2 Holy Light
2 Divine Shield
4 Mountain King
2 Storm Bolt
2 Thunder Clap
» actions
| Assign group hotkey | 41 | |
| Basic commands | 116 | |
| Build / train | 131 | |
| Enter build submenu | 26 | |
| Enter hero's abilities submenu | 16 | |
| Give item / drop item | 2 | |
| Remove unit from queue | 5 | |
| Right click | 436 | |
| Select / deselect | 457 | |
| Select group hotkey | 1386 | |
| Use ability | 114 | |
2735 total
» units
| Peasant | 35 | |
| Gryphon Rider | 19 | |
| Siege Engine | 17 | |
| Knight | 8 | |
| Flying Machine | 2 | |
81 total
» upgrades
| Lumber Harvesting | 1 | |
| Plating | 2 | |
| Barrage | 1 | |
| Armor | 1 | |
| Gunpowder | 2 | |
| Swords | 1 | |
| Animal War Training | 1 | |
9 total
» buildings
| Lumber Mill | 4 | |
| Farm | 13 | |
| Altar of Kings | 1 | |
| Scout Tower | 10 | |
| Arcane Tower | 5 | |
| Guard Tower | 4 | |
| Town Hall | 4 | |
| Keep | 2 | |
| Arcane Vault | 2 | |
| Blacksmith | 1 | |
| Castle | 2 | |
| Gryphon Aviary | 2 | |
| Barracks | 2 | |
| Workshop | 2 | |
54 total
» build order
00:34 Lumber Mill
01:02 Farm
01:03 Farm
01:04 Farm
01:17 Altar of Kings
01:34 Scout Tower
01:37 Scout Tower
01:41 Scout Tower
01:45 Scout Tower
02:10 Arcane Tower
02:33 Arcane Tower
02:39 Scout Tower
03:05 Arcane Tower
03:28 Guard Tower
03:30 Guard Tower
04:23 Town Hall
04:31 Lumber Mill
04:32 Lumber Mill
04:36 Scout Tower
04:36 Scout Tower
04:38 Scout Tower
04:39 Scout Tower
04:41 Scout Tower
05:08 Arcane Tower
05:26 Keep
05:26 Keep
05:39 Arcane Tower
06:01 Guard Tower
06:03 Guard Tower
06:25 Arcane Vault
07:00 Arcane Vault
07:08 Farm
07:10 Farm
07:13 Farm
07:15 Farm
07:46 Blacksmith
07:47 Castle
07:55 Gryphon Aviary
07:58 Gryphon Aviary
08:28 Barracks
08:43 Lumber Mill
09:46 Farm
09:46 Farm
09:47 Farm
10:06 Workshop
10:11 Workshop
11:56 Farm
11:57 Farm
11:58 Farm
23:29 Town Hall
24:50 Barracks
25:35 Town Hall
33:37 Town Hall
» items
| Boots of Speed | 1 | |
| Scroll of Healing | 1 | |
| Scroll of Town Portal | 3 | |
5 total
Chat log
(00:39 / Allies) WalterWhite: chims
(00:41 / Allies) WalterWhite: fuck it
(00:45 / Allies) Relaxation10: same here haha
(00:51 / Allies) WalterWhite: yee
(00:56 / Allies) Relaxation10: creep together then
(01:07 / Allies) train_dis_human: i'll go melee
(01:21 / All) ORBBALLGO: think i got piss on the floor tried to rush back to computer
(01:25 / Allies) WalterWhite: you want to creep together?
(01:29 / Allies) WalterWhite: lets clear expos
(01:38 / All) 15searchattempt: lol
(01:39 / All) ORBBALLGO: thankfully my mother didnt see me exposed in hallway
(01:40 / All) train_dis_human: i like the dedication
(02:47 / Allies) WalterWhite: damn
(02:48 / All) BaBoomBaBoom: I am the one who knocks
(02:48 / Allies) WalterWhite: bro
(02:57 / Allies) Relaxation10: ?
(03:01 / Allies) WalterWhite: you super quick chims?
(03:09 / Allies) Relaxation10: yes :D
(04:01 / Allies) WalterWhite: LMFAO
(04:05 / Allies) WalterWhite: HAHAHA
(04:06 / All) WalterWhite: bro
(04:10 / Allies) Relaxation10: ahaha
(06:39 / Allies) BaBoomBaBoom: creep mid
(07:25 / Allies) BaBoomBaBoom: if mask of death for sure give to bm
(07:45 / Allies) BaBoomBaBoom: can I have mask
(07:51 / Allies) WalterWhite: naw
(07:54 / Allies) BaBoomBaBoom: idiot
(07:56 / Allies) WalterWhite: i got super warden comin
(08:03 / Allies) BaBoomBaBoom: I could have crept that shit alone
(08:19 / Allies) WalterWhite: here
(08:26 / Allies) WalterWhite: come here
(08:27 / All) BaBoomBaBoom: I knew faggot yellow would keep mask of doom on a fucking warden
(08:46 / All) TCruz: are u done?
(09:38 / Allies) BaBoomBaBoom: +15 clwas
(09:42 / Allies) BaBoomBaBoom: yellow you're so fucking dumb
(11:44 / Allies) BaBoomBaBoom: gop urp
(11:53 / All) BaBoomBaBoom: Purpl and yellow = sub 100 IQ
(12:07 / All) TCruz: when ur done talking let me know
(12:14 / All) BaBoomBaBoom: Great wit
(12:19 / All) BaBoomBaBoom: You probably get a lot of upvotes on reddit
(12:36 / All) TCruz: cant wait to rape u soon
(12:44 / All) BaBoomBaBoom: I'd be raping you ez with mask of death
(12:52 / Allies) WalterWhite: ill give it to you
(12:59 / Allies) BaBoomBaBoom: drop it mid
(13:12 / Allies) BaBoomBaBoom: dank
(13:12 / Allies) BaBoomBaBoom: e
(13:33 / Allies) BaBoomBaBoom: lumbers?
(13:58 / All) TCruz: oops
(14:37 / All) BaBoomBaBoom: hehe
(15:38 / All) BaBoomBaBoom: you are really good red
(16:46 / Allies) Relaxation10: greeen really
(16:50 / Allies) Relaxation10: whole game n only 7k
(16:51 / Allies) Relaxation10: wow
(17:33 / Allies) Relaxation10: yellow
(17:35 / Allies) Relaxation10: max hippos
(18:26 / All) BaBoomBaBoom: lol
(18:29 / Allies) train_dis_human: oh well bunch of noobs nowa days
(21:48 / Allies) Relaxation10: *SIGH
(21:50 / Allies) Relaxation10: noob greeen
(22:03 / All) Relaxation10: *sigh gg noob green
(22:04 / All) 15searchattempt: hero focusing working well for ya yellow?
(22:56 / Allies) BaBoomBaBoom: luymber
(23:03 / Allies) Relaxation10: b
(23:04 / Allies) Relaxation10: ur chims
(23:41 / All) BaBoomBaBoom: ya done red?
(23:48 / All) 15searchattempt: Red is a noob
(24:19 / Allies) Relaxation10: b
(24:19 / Allies) Relaxation10: b
(24:24 / Allies) Relaxation10: whirewind
(24:25 / Allies) Relaxation10: green
(26:25 / All) ORBBALLGO: red is fucking useless i havent seen him have units all game
(26:30 / All) TCruz: god i love rapaing u
(26:44 / All) 15searchattempt: when have you raped anyone this game
(26:47 / All) 15searchattempt: hint: you haven't
(27:03 / All) TCruz: god im on fire
(27:06 / All) TCruz: suck my penis fuckers
(27:25 / All) TCruz: yo freak peasants wrap this game up while i smoke
(27:32 / All) TCruz: u slave...win the game
(27:34 / All) BaBoomBaBoom: always the same line
(28:03 / All) TCruz: OJ and PINK u slaves....u have been good girls now win this game while i smoke
(28:09 / All) BaBoomBaBoom: I thought I had bladestorm lol
(28:18 / All) 15searchattempt: All I'm getting you is a loss, babe
(28:20 / All) BaBoomBaBoom: that was a total flub
(28:28 / All) 15searchattempt: I'll gladly take your gold for my own though
(28:31 / All) 15searchattempt: better off in my hands, noob
(28:40 / All) TCruz: oj ur suck a slave..good work
(29:00 / All) TCruz: kill them u loser. im using u right now
(30:05 / All) TCruz: good girls
(30:07 / All) TCruz: fight
(30:08 / All) TCruz: fight
(30:20 / All) TCruz: u know how to fuck up like the whores that u are
(30:24 / All) TCruz: omg im so high
(30:37 / All) 15searchattempt: yeah it shows, you're a complete and utter tard
(30:54 / All) TCruz: pink keep slaving... i need this win
(30:58 / All) TCruz: ur such a fag
(31:05 / All) TCruz: oj ur the worst
(31:07 / All) TCruz: fight oj
(31:09 / All) TCruz: u bitch
(31:19 / All) ORBBALLGO: ur crazy man, orange is our best player
(31:40 / All) TCruz: oj is the worst player ive seen since Reagan
(32:02 / Allies) BaBoomBaBoom: blue bsing lol
(32:06 / All) 15searchattempt: Teal is on one control group
(32:16 / All) BaBoomBaBoom: blue tryin bs me lol
(32:42 / All) TCruz: oj chop chop
(32:50 / All) TCruz: win this game u faggot
(33:17 / All) TCruz: my words own u :)
(33:23 / All) TCruz: ur so weak i knew it
(33:25 / All) 15searchattempt: I own your base
(33:31 / All) TCruz: haha ur such a slave
(33:31 / All) 15searchattempt: you're my little bitch, bitch
(33:37 / All) 15searchattempt: I have control, you only have pretending
(33:40 / All) 15searchattempt: lol
(34:45 / All) 15searchattempt: nice lawl
(37:31 / All) BaBoomBaBoom: blue was a dumbass nigger
(37:46 / All) ORBBALLGO: standoff is ay purp vs teal
(37:53 / All) BaBoomBaBoom: blue started tanking me with teal LOL
(37:58 / All) 15searchattempt: think they'll stay?
(38:07 / All) BaBoomBaBoom: yeah fo sho
(42:14 / All) 15searchattempt: Good luck everyone
(43:24 / All) BaBoomBaBoom: Go hard or go home